AoeStats
← švist

Black Forest

508491227Analyzed
4v4 RM · 8d ago on Sep 22, 2026· 45m 57s· 8 players
Game mode
Random Map
Map size
Large (8 player)
Population
200
Speed
Normal
Resources
Standard
Victory
Conquest
Starting age
Dark Age
Ending age
Imperial Age
RankedLock teamsTeams togetherTeam positionsShared explorationLock speedFull tech treeHidden civsTurbo modeCheats
Victory
Defeat
🇫🇷 Saxons · France
1253
+11
🇩🇪 Varangians · Germany
1175
+14
🇸🇮 Turks · Slovenia
1150
+15
🇫🇷 Khmer · France
1124
+16
🇳🇱 Romans · Netherlands
1176
-16
🇳🇱 Goths · Netherlands
1152
-15
🇳🇱 Britons · Netherlands
1138
-14
🇳🇱 Bohemians · Netherlands
1045
-11
Oclye
1:01 Loom
14:15 Feudal Age
17:54 Castle Age
18:01 Horse Collar
18:09 Double-Bit Axe
18:49 Heavy Plow
19:03 Bow Saw
20:59 Pikeman
36:32 Wheelbarrow
37:40 Scale Mail Armor
37:50 Forging
39:06 Hand Cart
39:26 Squires
42:04 Imperial Age
40:16 Iron Casting
39:56 Chain Mail Armor
43:13 Conscription
42:18 Halberdier
43:02 Perfusion
44:05 Blast Furnace
Danoedel
1:18 Loom
12:06 Feudal Age
12:39 Double-Bit Axe
12:37 Horse Collar
19:04 Castle Age
16:56 Stone Mining
18:35 Gold Mining
20:12 Bow Saw
20:05 Heavy Plow
21:13 Masonry
21:46 Fortified Wall
21:48 Fletching
23:20 Wheelbarrow
25:32 Bodkin Arrow
25:38 Padded Archer Armor
28:19 Hand Cart
28:57 Ballistics
31:49 Gold Shaft Mining
34:41 Imperial Age
32:14 Pikeman
32:54 Squires
33:16 Caravan
32:52 Crossbowman
33:51 Leather Archer Armor
33:37 Scale Mail Armor
35:03 Forging
35:50 Conscription
35:10 Arbalester
35:18 Halberdier
36:16 Chain Mail Armor
37:43 Two-Man Saw
38:17 Chemistry
38:06 Plate Mail Armor
40:42 Iron Casting
40:08 Bracer
40:38 Ring Archer Armor
Ysbrandus
6:42 Loom
12:30 Feudal Age
16:50 Castle Age
16:20 Double-Bit Axe
21:28 Pikeman
36:57 Bow Saw
Dawn
5:00 Loom
13:51 Feudal Age
17:51 Castle Age
16:31 Double-Bit Axe
17:12 Horse Collar
19:24 Bow Saw
19:16 Heavy Plow
25:04 Wheelbarrow
25:56 Gold Mining
25:59 Stone Mining
28:26 Fortified Wall
28:36 Ballistics
29:12 Gold Shaft Mining
32:35 Imperial Age
31:41 Ballistas
32:36 Heavy Scorpion
33:23 Siege Engineers
34:19 Chemistry
33:56 Caravan
34:27 Coinage
36:12 Hand Cart
38:39 Banking
38:20 Guilds
41:20 Capped Ram
Le Miel Jospin
10:49 Feudal Age
14:44 Castle Age
12:32 Double-Bit Axe
12:28 Horse Collar
16:08 Bow Saw
29:10 Imperial Age
27:19 Wheelbarrow
26:29 Loom
26:55 Gold Mining
27:31 Scale Mail Armor
27:41 Forging
27:59 Heavy Plow
28:02 Stone Mining
28:24 Squires
28:41 Chain Mail Armor
28:38 Gambesons
28:50 Gambesons
29:43 Iron Casting
29:49 Gold Shaft Mining
29:24 Elite Varangian Guard
30:00 Capped Ram
32:08 Plate Mail Armor
32:13 Shield Wall
33:13 Conscription
32:55 Siege Ram
38:18 Onager
41:44 Arson
42:30 Siege Engineers
44:16 Elite Hearth Troop
Elfufu
11:20 Feudal Age
12:40 Loom
16:31 Castle Age
15:46 Double-Bit Axe
17:47 Horse Collar
22:31 Bow Saw
25:02 Fletching
30:05 Imperial Age
29:57 Husbandry
30:09 Bloodlines
30:57 Heavy Plow
32:35 Scale Barding Armor
34:59 Chain Barding Armor
35:26 Crop Rotation
34:52 Gold Mining
38:22 Gold Shaft Mining
39:25 Ballistics
38:58 Heated Shot
40:36 Chemistry
38:58 Elite Ballista Elephant
39:46 Double Crossbow
venOm
0:39 Loom
12:36 Feudal Age
17:13 Castle Age
16:09 Double-Bit Axe
16:53 Bloodlines
18:17 Bow Saw
23:17 Horse Collar
26:52 Gold Mining
29:20 Heavy Plow
30:45 Forging
32:00 Wheelbarrow
33:45 Stone Mining
34:34 Husbandry
37:58 Imperial Age
36:07 Scale Barding Armor
36:37 Iron Casting
37:13 Chain Barding Armor
37:29 Iron Casting
37:20 Vendel Legacy
38:04 Cavalier
39:10 Capped Ram
42:27 Siege Ram
45:34 Fletching
46:18 Bodkin Arrow
švist
13:37 Feudal Age
17:34 Castle Age
16:04 Double-Bit Axe
16:01 Horse Collar
22:31 Imperial Age
21:47 Padded Archer Armor
22:30 Forging
23:05 Wheelbarrow
23:19 Gold Mining
24:04 Leather Archer Armor
34:09 Hand Cart
37:34 Scale Barding Armor
38:11 Forging
38:23 Bloodlines
38:14 Husbandry
38:36 Chain Barding Armor
38:50 Bow Saw
38:47 Heavy Plow
42:06 Plate Barding Armor
45:35 Sipahi
Connection lost

Rejoining the realm…

Still unreachable

The connection could not be restored.

Session expired

The server has moved on; the page needs a fresh start.